Map: Odyssey LE

Players

Balanze - Winner!

  • Race: Terran Terran
  • League: Platinum
  • Spawn Location: 5:00

sregor

  • Race: Terran Terran
  • League: Platinum
  • Spawn Location: 11:00

VOD

Have the link to the VOD?

Description

Time

  • Played on: Jan. 21, 2018, 9:17 p.m.
  • Length: 16:35
Show
View Real Time Build Order
Export as new Build Order

Balanze Terran - Winner!

Build Orders: MMM Bio 

Get SALT Encoding   

  12  0:02  SCV  
  14  0:14  SCV  
  14  0:17  Supply Depot  
  14  0:26  SCV  
  15  0:29  Refinery  
  15  0:39  SCV  
  16  0:46  Barracks  
  16  0:51  SCV  
  17  1:08  SCV  
  18  1:20  SCV  
  20  1:34  Orbital Command  
  19  1:53  Command Center, Barracks Reactor  
  19  2:02  Factory  
  19  2:08  SCV  
  20  2:20  SCV  
  21  2:29  Supply Depot  
  21  2:31  Marine x2  
  21  2:33  SCV  
  22  2:58  Marine  
  23  3:04  Marine  
  24  3:18  Marine  
  25  3:20  Factory Tech Lab  
  25  3:26  Barracks  
  25  3:28  Barracks  
  25  3:31  SCV  
  26  3:34  Supply Depot  
  26  3:35  Marine  
  26  3:37  Marine  
  28  3:42  Siege Tank  
  28  3:44  Starport  
  31  3:49  SCV, Orbital Command  
  32  4:01  SCV  
  33  4:03  Supply Depot  
  33  4:04  Marine x2  
  35  4:11  Refinery  
  35  4:13  SCV  
  35  4:15  Refinery  
  35  4:16  SCV  
  37  4:24  Barracks Tech Lab  
  37  4:25  SCV  
  37  4:28  SCV  
  37  4:31  Barracks Tech Lab  
  39  4:32  Marine  
  39  4:37  SCV  
  41  4:43  SCV  
  42  4:48  Marine x2  
  42  4:49  SCV  
  45  4:54  Stimpack  
  45  5:01  SCV  
  45  5:02  Siege Tank  
  45  5:05  Marine  
  50  5:08  Starport Reactor  
  50  5:12  SCV  
  50  5:13  SCV  
  52  5:23  Supply Depot  
  52  5:24  SCV, Supply Depot  
  52  5:25  SCV  
  52  5:26  Marine x3  
  52  5:27  Marine  
  58  5:35  Refinery  
  58  5:39  Siege Tank  
  61  5:47  Medivac x2  
  66  5:50  SCV x2  
  67  6:01  Marine  
  67  6:02  SCV x2, Marine x3  
  73  6:09  Barracks  
  73  6:10  Supply Depot, Barracks  
  73  6:12  Supply Depot  
  73  6:14  Engineering Bay  
  73  6:17  Armory  
  73  6:24  Marine x3  
  73  6:25  Marine  
  77  6:32  SCV x2  
  79  6:38  Medivac x2  
  83  6:42  Terran Infantry Weapons Level 1  
  83  6:44  SCV x2  
  85  6:51  Marine  
  86  6:55  Combat Shields  
  86  6:56  SCV  
  86  6:57  SCV  
  88  7:09  SCV  
  88  7:14  Missile Turret  
  84  7:24  SCV x2  
  84  7:36  SCV x2  
  81  7:56  SCV  
  81  7:57  SCV, Medivac  
  81  7:58  Medivac  
  87  8:08  SCV  
  87  8:09  SCV  
  87  8:11  Marine x3  
  87  8:12  Marine  
  93  8:15  Barracks Tech Lab  
  93  8:17  Barracks Reactor x2  
  93  8:21  Command Center  
  93  8:23  Engineering Bay  
  93  8:24  Terran Vehicle Weapons Level 1  
  93  8:25  SCV  
  94  9:01  SCV  
  94  9:19  Marine  
  94  9:32  Marine x7, SCV  
  94  9:35  Supply Depot  
  94  9:36  Supply Depot  
  94  9:37  Marine, Orbital Command, Supply Depot  
  103  9:50  Marine x2  
  105  9:56  Marine x3  
  108  10:01  Siege Tank  
  108  10:02  Marine x2  
  108  10:06  Viking x2  
  106  10:33  Siege Tank  
  109  10:36  Medivac x2  
  109  10:38  SCV, Factory  
  109  10:39  SCV  
  109  10:40  SCV  
  116  10:44  Marine x2, Refinery  
  116  10:45  Marine x5  
  123  10:50  SCV  
  123  10:51  SCV  
  123  10:52  SCV  
  126  10:59  Terran Infantry Weapons Level 2, Terran Vehicle Weapons Level 2  
  126  11:00  Terran Infantry Armor Level 1  
  126  11:02  Marine  
  127  11:04  SCV  
  127  11:05  Siege Tank  
  127  11:06  Medivac  
  127  11:07  Supply Depot  
  133  11:26  Marine x6, Medivac  
  133  11:28  Marine x2  
  133  11:29  Supply Depot x2  
  133  11:30  Supply Depot  
  142  12:10  Viking  
  142  12:11  Viking, Marine  
  142  12:12  Marine x6  
  142  12:13  Siege Tank  
  142  12:14  Factory Tech Lab  
  156  12:34  Command Center  
  154  12:41  Marine x3  
  154  12:42  Marine x5  
  162  12:45  Siege Tank  
  162  12:46  Siege Tank  
  168  13:17  Siege Tank  
  171  13:27  Siege Tank  
  173  13:37  Terran Infantry Armor Level 2  
  173  13:38  Supply Depot  
  173  13:39  Supply Depot, Terran Infantry Weapons Level 3  
  173  13:45  SCV  
  173  13:46  SCV x2  
  177  13:51  Orbital Command  
  176  13:57  SCV  
  176  13:59  SCV x2  
  179  14:07  Siege Tank x2  
  185  14:13  Supply Depot  
  185  14:14  Supply Depot  
  185  14:15  Medivac x2  
  189  14:21  Supply Depot  
  189  14:39  Siege Tank x2  
  192  15:26  Marine x5  
  192  15:27  Marine x3  
  193  15:50  Marine  
  193  15:51  Marine x6  
Show
View Real Time Build Order
Export as new Build Order

sregor Terran 

Build Orders: Reaper Expand, Mech 

Get SALT Encoding   

  12  0:02  SCV  
  13  0:18  Supply Depot  
  13  0:21  SCV  
  14  0:33  SCV  
  15  0:41  Barracks  
  15  0:45  SCV, Refinery  
  16  0:57  SCV  
  17  1:10  SCV  
  19  1:27  Orbital Command  
  19  1:30  Reaper  
  19  1:57  Command Center  
  19  2:00  SCV  
  20  2:09  Factory  
  20  2:16  SCV  
  21  2:27  Marine  
  22  2:31  Supply Depot  
  22  2:36  SCV, Refinery  
  23  2:42  Bunker  
  23  2:58  Marine  
  24  3:01  Factory Reactor  
  24  3:03  Cyclone  
  27  3:11  Orbital Command  
  27  3:19  SCV  
  28  3:30  Barracks Reactor  
  28  3:39  Cyclone  
  28  3:40  SCV  
  32  3:48  Refinery  
  32  3:50  Refinery  
  32  3:53  SCV  
  33  3:59  Starport  
  33  4:05  SCV  
  33  4:06  SCV  
  35  4:16  Supply Depot x2  
  35  4:17  SCV  
  35  4:18  SCV  
  37  4:30  SCV  
  38  4:32  Barracks Tech Lab  
  38  4:34  SCV  
  38  4:38  Cyclone x2  
  45  4:42  SCV  
  46  4:47  SCV  
  47  4:54  SCV  
  47  4:55  Factory  
  47  4:59  SCV  
  49  5:05  Banshee  
  49  5:06  SCV  
  53  5:08  Supply Depot  
  53  5:09  Cloaking Field  
  53  5:11  SCV  
  54  5:18  SCV  
  54  5:20  Hellion x2  
  59  5:23  SCV  
  60  5:30  SCV  
  60  5:35  SCV, Factory  
  62  5:36  Supply Depot  
  62  5:40  Liberator, Barracks Reactor  
  62  5:42  SCV  
  63  5:44  Cyclone  
  63  5:47  SCV  
  67  5:54  SCV  
  68  5:58  Supply Depot  
  68  5:59  SCV  
  72  6:06  SCV  
  72  6:07  Supply Depot  
  73  6:11  SCV  
  73  6:14  Factory Tech Lab  
  74  6:19  Factory Tech Lab  
  74  6:23  Starport  
  74  6:24  SCV x2, Supply Depot  
  76  6:44  Siege Tank x2  
  76  6:46  Hellion x2  
  86  6:57  Command Center  
  83  7:41  Viking x2, Engineering Bay  
  84  7:48  Siege Tank x2  
  90  7:51  Widow Mine  
  90  7:52  Widow Mine  
  90  7:54  SCV x2  
  96  8:11  Viking, Missile Turret  
  98  8:18  Missile Turret  
  98  8:19  Missile Turret  
  98  8:22  Missile Turret  
  98  8:28  Missile Turret  
  96  9:33  Viking x2  
  92  10:03  Viking  
  94  10:14  Liberator  
  94  10:16  Liberator  
  92  10:24  Siege Tank x2  
  98  10:30  Hellion x2  
  108  10:56  Siege Tank  
  111  11:15  Liberator x2  
  111  11:20  Siege Tank  
  111  11:21  Hellion  
  116  11:26  Supply Depot  
  116  11:27  Supply Depot  
  116  11:30  Supply Depot  
  116  11:32  Siege Tank, Hellion  
  127  11:34  Orbital Command, Refinery  
  127  11:35  Refinery  
  112  12:04  Siege Tank  
  112  12:05  Siege Tank  
  118  12:11  Factory  
  118  12:12  Factory  
  116  12:42  Siege Tank x2  
  122  12:45  Orbital Command  
  121  13:14  Siege Tank  
  121  13:15  Siege Tank  
  127  13:31  Factory Tech Lab  
  127  13:33  Hellion x2  
  124  13:42  SCV  
  124  13:43  SCV  
  124  13:44  SCV  
  124  13:47  Hellion x2  
  131  13:55  SCV x2  
  133  13:56  SCV  
  134  14:07  SCV  
  134  14:08  Sensor Tower  
  135  14:11  SCV x2  
  135  14:13  Refinery  
  135  14:14  Refinery  
  135  14:15  Sensor Tower  
  137  14:19  Siege Tank x2  
  137  14:20  Siege Tank  
  137  14:21  Viking x2, Command Center  
  150  14:33  Missile Turret  
  150  14:34  Missile Turret  
  150  14:37  Missile Turret  
  150  14:46  SCV x2  
  150  14:49  Missile Turret x2  
  150  14:50  Missile Turret  
  150  14:51  Missile Turret  
Tags
 
Composition
MMM BioMech
Matchup
TvT
Race
Terran
Spawn Locations
Cross Positions
Add a new tag
Caveats
  • Supply blocks, unpowered buildings, or Contaminate may cause inaccurate times.
  • Supply counts are checked every 10 seconds.